 Dungeon Crawl Stone Soup version 0.31-a0-345-g1ebeae05c6 (webtiles) character file.

Game seed: 1918339498212291488

100 LeprechaunX the Ruffian (level 4, -1/29 HPs)
             Began as an Octopode Shapeshifter on July 23, 2023.
             Killed by divine providence
             ... invoked by an orc priest
              (12 damage)
             ... on level 3 of the Dungeon.
             The game lasted 00:03:12 (1911 turns).

LeprechaunX the Ruffian (Octopode Shapeshifter)     Turns: 1911, Time: 00:03:12

Health: -1/29      AC:  1    Str: 16    XL:     4   Next: 73%
Magic:  13/13      EV: 11    Int: 10    God:
Gold:   69         SH: 11    Dex: 12    Spells: 3/3 levels left

rFire   + +          .
                       - Unarmed
rCold   . . .        o - +4 kite shield "Kagathia" {rF++ Will+ Slay+3}
rNeg    + . .        (helmet currently unavailable)
rPois   +            (no amulet)
rElec   .            e - ring of resist corrosion
rCorr   +            f - ring of poison resistance
SInv    .            h - ring of magical power
Will    +....        j - ring of positive energy
Stlth   ++           (no ring)
HPRegen 0.24/turn    (no ring)
MPRegen 0.13/turn    (no ring)
                     (no ring)

%: no passive effects
@: beast-form
A: beast (slay +2), almost no armour, amphibious, 8 rings, camouflage 1,
gelatinous body 1, (nimble swimmer 1), tentacles
a: Begin Untransformation


You were on level 3 of the Dungeon.
You were a hulking beast.
You visited 1 branch of the dungeon, and saw 3 of its levels.

You collected 69 gold pieces.

Inventory:

Missiles
 l - a throwing net
 p - 3 curare-tipped darts (quivered)
Armour
 o - the +4 kite shield "Kagathia" (worn) {rF++ Will+ Slay+3}
   (You found it on level 2 of the Dungeon)

   Slay:      It affects your accuracy & damage with ranged weapons and melee
   (+3).
   rF:        It greatly protects you from fire.
   Will:      It increases your willpower.
Jewellery
 e - a ring of resist corrosion (left tentacle)
 f - a ring of poison resistance (right tentacle)
 h - a ring of magical power (on tentacle)
 j - a ring of positive energy (on tentacle)
Talismans
 b - a beast talisman
Scrolls
 c - 3 scrolls of teleportation {unknown}
 d - 2 scrolls of vulnerability {unknown}
 i - 2 scrolls of fear {unknown}
 n - a scroll of identify {unknown}
 q - a scroll of immolation {unknown}
Potions
 a - 2 potions of lignification
 g - 2 potions of curing {unknown}
 k - 2 potions of cancellation {unknown}
 m - a potion of heal wounds {unknown}


   Skills:
 + Level 1.9 Fighting
 - Level 2.3 Dodging
 * Level 0.9 Shields
 * Level 4.0 Unarmed Combat
 * Level 3.6 Shapeshifting


You had 3 spell levels left.
You didn't know any spells.
Your spell library contained the following spells:

 Spells                   Type           Power      Damage    Failure   Level
 Inner Flame              Hex/Fire       0%         N/A       98%         3
 Flame Wave               Conj/Fire      0%         2d4       100%        4
 Sticky Flame             Conj/Fire      0%         2d3       100%        4


Dungeon Overview and Level Annotations

Branches:
Dungeon (3/15)

Altars:

Shops:
D:1 [   D:2 *


Innate Abilities, Weirdness & Mutations

You are a hulking beast.
Your limbs bulge with bestial killing power. (Slay +2)
You cannot wear most types of armour.
You are amphibious.
You can wear up to eight rings at the same time.
Your skin changes colour to match your surroundings (Stealth+).
Your rubbery body absorbs attacks. (AC +1, EV +1)
((You are camouflaged when in or above water. (Stealth+)))
You have tentacles for arms and can constrict up to eight enemies at once.


Message History

An orc priest is nearby!
An orc priest is nearby!
An orc priest is nearby!
An orc and an orc wizard come into view.
The orc shouts!
The orc wizard shouts!
An orc priest comes into view. It is wielding a +0 hand axe.
You block the orc priest's attack.
The orc priest shouts!
You bludgeon the orc priest! You grab the orc priest.
The orc priest is heavily wounded.
You constrict the orc priest, but do no damage.
The orc priest hits you with a +0 club.
You tentacle-slap the orc priest.
The orc priest is severely wounded.
You constrict the orc priest.
The orc priest mumbles some strange prayers to Beogh against you.
Beogh smites you!
You completely miss the orc priest. You squeeze the orc priest.
The orc priest is almost dead.
You constrict the orc priest.
The orc priest hits you with a +0 club. x2
You are too injured to fight recklessly!
You are too injured to fight recklessly!
You are too injured to fight recklessly!
You tentacle-slap the orc priest.
You kill the orc priest!
The orc attacks as you move away! You block the orc's attack.
You tentacle-slap the orc but do no damage.
Your grab misses the orc. The orc closely misses you.
You tentacle-slap the orc. You grab the orc.
The orc is almost dead.
You constrict the orc, but do no damage.
The orc struggles to escape constriction.
You bludgeon the orc!
You kill the orc!
Your Unarmed Combat skill increases to level 4!
You barely miss the orc wizard. You grab the orc wizard.
You constrict the orc wizard.
The orc priest calls down the wrath of Beogh upon you.
Beogh smites you!
You die...

## .. ##. .>.
#.# #o# #.#
#o######
#.h....# ###
#.####.# ..#
...####.####.#
..##...........#
...
#.####.#....# ..
#.## #.#...<# .
#.[. #.#..#.###
#..# #.#..#...#
#..# ..#..#.###


You could see an orc priest and an orc wizard.

Vanquished Creatures
  An orc priest (D:3)
  3 dart slugs
  An orc (D:3)
  6 ball pythons
  6 endoplasms
  2 giant cockroaches
  5 goblins
  7 hobgoblins
  3 jackals (D:1)
  3 kobolds (D:1)
  3 quokkas
  7 bats
  3 frilled lizards
  4 rats
54 creatures vanquished.

Notes
Turn   | Place    | Note
-------+----------+-------------------------------------------
     0 | D:1      | LeprechaunX the Octopode Shapeshifter began the quest for
                  | the Orb.
     0 | D:1      | Reached XP level 1. HP: 13/13 MP: 1/1
    55 | D:1      | Found Wofosini's Antique Armour Shoppe.
   111 | D:1      | Found a faded altar of an unknown god.
   143 | D:1      | Reached XP level 2. HP: 18/18 MP: 2/2
   344 | D:1      | Reached XP level 3. HP: 16/23 MP: 3/3
  1300 | D:2      | Identified the +3 ring mail of Purpose {Dex+6 SInv Stlth-}
  1366 | D:2      | Identified the +4 kite shield "Kagathia" {rF++ Will+
                  | Slay+3}
  1520 | D:2      | Found Kyarph's Assorted Antiques.
  1718 | D:3      | Reached XP level 4. HP: 29/29 MP: 4/4
  1911 | D:3      | Reached skill level 4 in Unarmed Combat
  1911 | D:3      | Killed from afar by an orc priest

Illustrated notes

Levels and vault maps discovered:
D:1:      sevenhm_arrival_forest_fort_small_4, layout_loops_ring,
          dreamdust_ecumenical_altar_statues, serial_shops, shop
D:2:      layout_basic, serial_shops, shop, minmay_door_square
D:3:      layout_basic, lemuel_tele_altar

Skill      XL: |  1  2  3  4 |
---------------+-------------+-----
Unarmed Combat | 4 |  4.0
Fighting       | |  1.9
Dodging        | |  2.3
Shields        | |  0.9
Shapeshifting  | |  3.6

Action                     |  1- 3 |  4- 6 || total
---------------------------+-------+-------++-------
  Melee: Unarmed           |    79 |    17 ||    96
         Constrict         |    20 |     6 ||    26
         Tentacles         |    15 |     3 ||    18
         Punch             |     2 |     2 ||     4
   Stab: Sleeping          |    10 |       ||    10
 Armour: Skin              |     7 |     2 ||     9
  Dodge: Dodged            |    28 |     1 ||    29
  Block: Kite shield       |     2 |     6 ||     8

Table legend: (Time is in decaauts)
 A = Elapsed time spent in this place.
 B = Non-inter-level travel time spent in this place.
 C = Inter-level travel time spent in this place.
 D = Time resting spent in this place.
 E = Time spent auto-exploring this place.
 F = Levels seen in this place.
 G = Mean time per level.
                   A        B        C        D        E       F      G
               +--------+--------+--------+--------+--------+-----+--------+
         Total |   1906 |   1849 |     57 |    100 |   1437 |   3 |  635.3 |
       Dungeon |   1906 |   1849 |     57 |    100 |   1437 |   3 |  635.3 |
               +--------+--------+--------+--------+--------+-----+--------+

Top non-repeatable levels by time:
     D:1: 890 daAuts
     D:2: 813 daAuts
     D:3: 202 daAuts
